 Dungeon Sprint DCSS version 0.29-a0-369-gd956c00756 (webtiles) character file.

Game seed: 15121703850983044030

570 mhtbhm the Blocker (level 7, 0/76 HPs)
             Began as a Gargoyle Fighter on May 1, 2022.
             Was an Initiate of Trog.
             Slain by Sonja
             ... wielding a +1 short sword of distortion
              (20 damage)
             ... in the Dungeon (Sprint I: "Red Sonja").
             The game lasted 00:01:29 (334 turns).

mhtbhm the Blocker (Gargoyle Fighter)                Turns: 334, Time: 00:01:30

Health: 0/76       AC: 13    Str: 22    XL:     7   Next: 34%
Magic:  7/7        EV: 10    Int:  8    God:    Trog [......]
Gold:   266        SH:  6    Dex:  9    Spells: 6/6 levels left

rFire   . . .      SeeInvis .   a - +0 flail
rCold   . . .      Faith    .   c - +0 buckler
rNeg    + . .      Spirit   .   b - +0 scale mail
rPois   ∞          Reflect  .   (no helmet)
rElec   +          Harm     .   (no cloak)
rCorr   .          Rampage  .   (no gloves)
Will    .....      NoTele   +   (no boots)
Stlth   ..........              (no amulet)
HPRegen 0.22/turn               (no ring)
MPRegen 0.10/turn               (no ring)

@: berserking, very quick
A: sickness immunity, AC +4, negative energy resistance 1, electricity
resistance, torment resistance 1, petrification resistance
a: Renounce Religion


You were in the Dungeon.
You worshipped Trog.
Trog was noncommittal.
You visited 1 branch You collected 297 gold pieces.
You spent 31 gold pieces at shops.

Inventory:

Hand Weapons
 a - a +0 flail (weapon)
Missiles
 k - 4 atropa-tipped darts (quivered)
Armour
 b - a +0 scale mail (worn)
 c - a +0 buckler (worn)
Scrolls
 j - a scroll of blinking
Potions
 d - a potion of might
 g - a potion of haste
 h - 2 potions of magic


   Skills:
 + Level 9.2 Fighting
 + Level 7.0 Maces & Flails
 + Level 9.2 Armour
 + Level 1.0 Dodging
 + Level 9.5 Shields
 + Level 0.6 Evocations


You had 6 spell levels left.
You didn't know any spells.
Your spell library was empty.

Dungeon Overview and Level Annotations

Branches:
Dungeon (1/1)

Altars:
Cheibriados
Dithmenos
Elyvilon
Fedhas
Gozag
Hepliaklqana
Kikubaaqudgha
Makhleb
Nemelex Xobeh
Okawaru
Qazlal
Ru
Sif Muna
Trog
Uskayaw
Vehumet
Wu Jian
Xom
Yredelemnul
Zin
The Shining One
Jiyva
Lugonu

Shops:
D (

Annotations:
D Sonja


Innate Abilities, Weirdness & Mutations

You are immune to sickness and miasma.
Your stone body is resilient. (AC +4)
You are immune to poison.
You resist negative energy. (rN+)
You are resistant to electric shocks. (rElec)
You are resistant to unholy torment.
You are immune to petrification.


Message History

You barely miss the slime creature.
The slime creature is heavily wounded.
Sonja throws a curare-tipped dart.
The curare-tipped dart hits the slime creature.
The slime creature barely misses you.
Unknown command.
You hit the slime creature but do no damage.
The slime creature is heavily wounded.
Sonja throws a curare-tipped dart.
The curare-tipped dart hits the slime creature.
You block the slime creature's attack.
You aren't carrying any items that you can evoke.
Unknown command.
You barely miss the slime creature.
The slime creature is heavily wounded.
The slime creature hits you!
* * * LOW HITPOINT WARNING * * *
Unknown command.
Okay, then.
Okay, then.
A red film seems to cover your vision as you go berserk!
You feel yourself moving faster!
You feel mighty!
Sonja hits the slime creature with a +1 short sword of distortion!
Space warps horribly around the slime creature!
Sonja hits the slime creature with a +1 short sword of distortion!
The slime creature dies!
Trog accepts your kill.
Your Fighting skill increases to level 9!
Your Maces & Flails skill increases to level 7!
Your Armour skill increases to level 9!
Your Dodging skill increases to level 1!
Your Shields skill increases to level 9!
You have reached level 7!
You swap places.
You feel a strong urge to attack something.
There is an open door here.
Really attack your ally Sonja?
You miss Sonja.
Sonja is no longer charmed.
Sonja hits you but does no damage. Space warps horribly around you!!
You die...

###################
#<.#..'..#..'..#__#
#..').#..)).#K.'..+
#..#####'#####@#__#
#..####..#...#(# ##
#..#__####..##(#
#..#_____##'#_.+
#⌠⌠#_.∩...†..._#
####_..__##_.#'#
#_____###'#[#
####### #.### $.$


You could see Sonja.

Vanquished Creatures
  A yak (D)
  An ogre (D)
  A jelly (D)
  Ijyb (D)
4 creatures vanquished.

Vanquished Creatures (collateral kills)
  A slime creature (D)
  Sigmund (D)
2 creatures vanquished.

Grand Total: 6 creatures vanquished

Notes
Turn   | Place    | Note
-------+----------+-------------------------------------------
     0 | D        | mhtbhm the Gargoyle Fighter began the quest for the Orb.
     0 | D        | Reached XP level 1. HP: 14/14 MP: 1/1
     1 | D        | Noticed Ijyb
    20 | D        | Killed Ijyb
    21 | D        | Reached XP level 2. HP: 14/20 MP: 2/2
    21 | D        | Reached XP level 3. HP: 17/24 MP: 3/3
   107 | D        | Noticed an ogre
   112 | D        | Noticed Sigmund
   118 | D        | Killed Sigmund
   119 | D        | Reached XP level 4. HP: 34/34 MP: 4/4
   119 | D        | Reached XP level 5. HP: 38/38 MP: 5/5
   122 | D        | Reached skill level 5 in Maces & Flails
   146 | D        | Found an ornate altar of the Wu Jian Council.
   146 | D        | Found a shimmering blue altar of Sif Muna.
   148 | D        | Found a radiant altar of Vehumet.
   152 | D        | Reached XP level 6. HP: 44/44 MP: 6/6
   184 | D        | Found Sesecixt's Weapon Emporium.
   184 | D        | Found an ancient bone altar of Kikubaaqudgha.
   184 | D        | Found a hazy altar of Hepliaklqana.
   184 | D        | Found a stormy altar of Qazlal.
   184 | D        | Found a hide-covered altar of Uskayaw.
   184 | D        | Found a blossoming altar of Fedhas.
   184 | D        | Found a bloodstained altar of Trog.
   184 | D        | Found an iron altar of Okawaru.
   184 | D        | Found a basalt altar of Yredelemnul.
   184 | D        | Found a glowing golden altar of the Shining One.
   184 | D        | Found a snail-covered altar of Cheibriados.
   184 | D        | Found a sacrificial altar of Ru.
   184 | D        | Found a glowing silver altar of Zin.
   184 | D        | Found a shadowy altar of Dithmenos.
   184 | D        | Found a white marble altar of Elyvilon.
   184 | D        | Noticed a yak
   198 | D        | Killed a yak
   199 | D        | Found an opulent altar of Gozag.
   200 | D        | Found a sparkling altar of Nemelex Xobeh.
   209 | D        | Became a worshipper of Trog the Wrathful
   211 | D        | Bought 4 atropa-tipped darts for 31 gold pieces
   306 | D        | Noticed Sonja
   316 | D        | Found a burning altar of Makhleb.
   316 | D        | Found a viscous altar of Jiyva.
   316 | D        | Found a shimmering altar of Xom.
   316 | D        | Found a corrupted altar of Lugonu.
   316 | D        | Noticed a slime creature
   332 | D        | Killed a slime creature
   333 | D        | Reached skill level 1 in Dodging
   333 | D        | Reached XP level 7. HP: 20/51 MP: 7/7
   334 | D        | Slain by Sonja

Illustrated notes

Levels and vault maps discovered:
D:        dungeon_sprint_1 [red_sonja_temple_1, red_sonja_temple_small_1]

Skill      XL: |  1  2  3  4  5  6 |
---------------+-------------------+-----
Fighting       | 4 7 9 |  9.2
Maces & Flails | 3 4 5 7 |  7.0
Armour         | 4 7 9 |  9.2
Shields        | 4 7 9 |  9.5
Dodging        | 1 |  1.0
Evocations     | |  0.6

Action                   |  1- 3 |  4- 6 |  7- 9 || total
-------------------------+-------+-------+-------++-------
Melee: Flail             |    17 |    26 |     1 ||    44
Evoke: Wand              |     1 |     3 |       ||     4
  Use: Potion            |     1 |     2 |       ||     3
Armor: Scale mail        |     6 |    11 |     1 ||    18
Dodge: Dodged            |     6 |     7 |       ||    13
Block: Buckler           |     3 |     8 |       ||    11

Table legend: (Time is in decaauts)
 A = Elapsed time spent in this place.
 B = Non-inter-level travel time spent in this place.
 C = Inter-level travel time spent in this place.
 D = Time resting spent in this place.
 E = Time spent auto-exploring this place.
 F = Levels seen in this place.
 G = Mean time per level.
                   A        B        C        D        E       F      G
               +--------+--------+--------+--------+--------+-----+--------+
         Total |    344 |    344 |      0 |    176 |      1 |   1 |  344.0 |
       Dungeon |    344 |    344 |      0 |    176 |      1 |   1 |  344.0 |
               +--------+--------+--------+--------+--------+-----+--------+

Top non-repeatable levels by time:
       D: 344 daAuts
